 Dungeon Crawl Stone Soup version 0.30-b1-2-g02819fbbbe (webtiles) character file.

Game seed: 1683547347370177681

1953 DavidChitty2 the Cleaver (level 9, 0/79 HPs)
             Began as a Hill Orc Fighter on May 9, 2023.
             Slain by a slime creature (8 damage)
             ... on level 6 of the Dungeon.
             The game lasted 00:06:52 (5816 turns).

DavidChitty2 the Cleaver (Hill Orc Fighter)         Turns: 5816, Time: 00:06:52

Health: 0/79       AC: 15    Str: 23    XL:     9   Next: 19%
Magic:  9/9        EV:  6    Int:  8    God:
Gold:   467        SH:  6    Dex: 16    Spells: 8/8 levels left

rFire   . . .        a - +0 war axe
rCold   . . .        c - +0 buckler
rNeg    . . .        H - +0 plate armour
rPois   .            x - +0 helmet
rElec   .            k - +0 cloak
rCorr   +            (no gloves)
SInv    .            (no boots)
Will    .....        e - amulet of regeneration Stlth
                     f - +6 ring of dexterity
HPRegen 1.13/turn    i - ring of resist corrosion
MPRegen 0.11/turn

%: no passive effects
@: mighty
A: no striking features
a: no special abilities


You were on level 6 of the Dungeon.
You visited 2 branches of the dungeon, and saw 8 of its levels.

You collected 467 gold pieces.

Inventory:

Hand Weapons
 a - a +0 war axe (weapon)
 b - a +0 whip of electrocution
   (You found it on level 2 of the Dungeon)
Missiles
 z - 3 throwing nets (quivered) {!f}
Armour
 c - a +0 buckler (worn)
 k - a +0 cloak (worn)
   (You found it on level 2 of the Dungeon)
 x - a +0 helmet (worn)
   (You found it on level 4 of the Dungeon)
 H - a +0 plate armour (worn)
   (You found it on level 2 of the Dungeon)
Jewellery
 e - an amulet of regeneration (around neck)
   (You found it on level 4 of the Dungeon)
 f - a +6 ring of dexterity (left hand)
   (You found it on level 1 of the Dungeon)
 i - a ring of resist corrosion (right hand)
   (You found it on level 1 of the Dungeon)
 o - a ring of protection from cold
   (You found it on level 5 of the Dungeon)
 J - an amulet of magic regeneration
   (You found it on level 6 of the Dungeon)
Wands
 t - a wand of flame (11)
   (You found it on level 5 of the Dungeon)
 K - a wand of mindburst (10)
   (You found it on level 6 of the Dungeon)
Scrolls
 g - 6 scrolls of identify {unknown}
 j - 2 scrolls of teleportation {unknown}
 l - 2 scrolls of amnesia {unknown}
 m - 2 scrolls of silence {unknown}
 n - a scroll of vulnerability {unknown}
 r - 3 scrolls of fear {unknown}
 v - a scroll of fog {unknown}
 y - 2 scrolls of immolation {unknown}
 A - a scroll of enchant armour {unknown}
 B - a scroll of noise {unknown}
 D - a scroll of torment {unknown}
 F - a scroll of brand weapon {unknown}
 I - a scroll of blinking {unknown}
Potions
 d - 2 potions of might
 h - 2 potions of curing {unknown}
 p - a potion of attraction {unknown}
 q - a potion of ambrosia {unknown}
 s - a potion of invisibility {unknown}
 u - a potion of heal wounds {unknown}
 w - a potion of degeneration {unknown}
 C - a potion of magic {unknown}
 E - a potion of lignification {unknown}
 G - a potion of haste {unknown}


   Skills:
 + Level 7.1 Fighting
 * Level 10.1 Axes
 + Level 6.5 Armour
 + Level 6.6 Shields


You had 8 spell levels left.
You didn't know any spells.
Your spell library contained the following spells:

 Spells                   Type           Power      Damage    Failure   Level
 Sandblast                Erth           0%         2d4       100%        1
 Passwall                 Tmut/Erth      0%         N/A       100%        2
 Call Canine Familiar     Summ           0%         N/A       100%        3
 Portal Projectile        Hex/Tloc       0%         N/A       100%        3
 Stone Arrow              Conj/Erth      0%         3d7       100%        3
 Summon Guardian Golem    Hex/Summ       0%         N/A       100%        3
 Tukima's Dance           Hex            0%         N/A       100%        3
 Vhi's Electric Charge    Tloc/Air       0%         N/A       100%        3
 Leda's Liquefaction      Hex/Erth       0%         N/A       100%        4
 Passage of Golubria      Tloc           0%         N/A       100%        4
 Arcjolt                  Conj/Air       0%         1d10      100%        5
 Yara's Violent Unravell  Hex/Tmut       0%         3d3       100%        5
 Plasma Beam              Fire/Air       0%         2x1d11    100%        6
 Orb of Destruction       Conj           0%         9d5       100%        7
 Spellforged Servitor     Conj/Summ      0%         N/A       100%        7


Dungeon Overview and Level Annotations

Branches:
Dungeon (7/15)             Temple (1/1) D:4

Altars:
Dithmenos
Elyvilon
Gozag
Hepliaklqana
Nemelex Xobeh
Okawaru
Qazlal
Ru
Sif Muna
Xom
Zin
The Shining One

Shops:
D:6 *

Annotations:
D:3 1 runed translucent door, Crazy Yiuf


Message History

You are frozen.
You barely miss the endoplasm. The endoplasm freezes you.
You are frozen.
You slash the endoplasm!
You kill the endoplasm!
The slime creature quivers. x2; The jelly quivers.
The slime creature quivers.
There is an open door here.
The slime creature barely misses you.
You hit the slime creature but do no damage.
You hit the slime creature. You hit the jelly.
Your hands burn!
The slime creature hits you but does no damage.
The slime creature hits you! You block the jelly's attack.
You slash the jelly!
Your hands burn!
You slash the slime creature! x2
You hit the slime creature. The slime creature hits you.
The slime creature hits you but does no damage.
The jelly hits you but does no damage. The slime creature hits you!
You hit the jelly.
Your hands burn!
You hit the slime creature.
You slash the slime creature! x2; The slime creature hits you!
* * * LOW HITPOINT WARNING * * *
The slime creature hits you but does no damage.
The jelly hits you but does no damage.
The slime creature hits you but does no damage.
You slash the jelly!
You kill the jelly!
You slash the slime creature! You hit the slime creature.
You slash the slime creature! You block the slime creature's attack.
The slime creature hits you but does no damage.
You block the slime creature's attack.
You slash the endoplasm!
You kill the endoplasm!
You hit the slime creature but do no damage.
You hit the slime creature.
You hit the slime creature but do no damage.
The slime creature hits you!
* * * LOW HITPOINT WARNING * * *
The slime creature hits you!
* * * LOW HITPOINT WARNING * * *
You block the slime creature's attack.
You hit the slime creature. You barely miss the slime creature.
You hit the slime creature.
The slime creature hits you but does no damage. x3
You hit the slime creature. x2; You barely miss the slime creature.
The slime creature hits you but does no damage.
The slime creature hits you!
* * * LOW HITPOINT WARNING * * *
The slime creature closely misses you.
You feel very mighty all of a sudden. The slime creature hits you!
You die...

#####.##.##.......##............#
.......#.##.......##.............
.........##.....).##.............
........######....###....>.....##
...#....###..'....# #.........##
..##....##.######## ##.........#
........###..)...## #<...##[..###
........#########'###.....#.....#
..#.....##.....J@..##.....##...##
#...##.###.....J.J.##.....##.###
.....#..##....÷....##....#####
........##.÷...÷...##..###
.......###..÷.....÷##..#.##
........##[.....÷..##.....##
........#############......#
.......<##############...###
........................##


You could see 3 slime creatures.

Vanquished Creatures
  Pikel (D:3)
  Eustachio (D:6)
  3 lemures (D:3)
  2 phantoms
  A bullfrog (D:6)
  2 kobold brigands (D:6)
  A gnoll sergeant (D:5)
  A scorpion (D:6)
  3 howler monkeys
  A hound (D:5)
  A gnoll bouda (D:4)
  4 iguanas
  3 jellies (D:6)
  Jessica (D:2)
  Natasha (thrice) (D:2)
  An orc wizard (D:5)
  20 gnolls
  13 adders
  A worm (D:3)
  2 dart slugs (D:1)
  6 orcs
  14 endoplasms
  5 giant cockroaches
  6 goblins
  3 hobgoblins (D:2)
  3 jackals (D:5)
  3 quokkas
  5 ball pythons
  9 bats
  12 frilled lizards
  6 kobolds
  2 rats
139 creatures vanquished.

Vanquished Creatures (others)
  6 fungi (D:6)
  7 plants (D:3)
  11 toadstools (D:6)
24 creatures vanquished.

Grand Total: 163 creatures vanquished

Notes
Turn   | Place    | Note
-------+----------+-------------------------------------------
     0 | D:1      | DavidChitty2 the Hill Orc Fighter began the quest for the
                  | Orb.
     0 | D:1      | Reached XP level 1. HP: 19/19 MP: 1/1
   310 | D:1      | Reached skill level 3 in Axes
   331 | D:1      | Reached XP level 2. HP: 27/27 MP: 2/2
   764 | D:2      | Reached XP level 3. HP: 33/33 MP: 3/3
   834 | D:2      | Noticed Jessica
   840 | D:2      | Killed Jessica
   841 | D:2      | Reached skill level 4 in Axes
   841 | D:2      | Reached XP level 4. HP: 33/40 MP: 4/4
  1068 | D:2      | Reached XP level 5. HP: 45/47 MP: 5/5
  1107 | D:2      | Noticed Natasha
  1116 | D:2      | Reached skill level 5 in Axes
  1118 | D:2      | Killed Natasha
  1225 | D:2      | Noticed Natasha
  1235 | D:2      | Killed Natasha
  2091 | D:2      | Noticed Natasha
  2095 | D:2      | Killed Natasha
  2096 | D:2      | Reached XP level 6. HP: 53/53 MP: 6/6
  2365 | D:3      | Found a runed translucent door.
  2366 | D:3      | Noticed Crazy Yiuf
  2774 | D:4      | Noticed Pikel
  2863 | D:3      | Killed Pikel
  2864 | D:3      | Reached skill level 5 in Fighting
  2864 | D:3      | Reached skill level 7 in Axes
  2864 | D:3      | Reached skill level 5 in Armour
  2864 | D:3      | Reached skill level 5 in Shields
  2864 | D:3      | Reached XP level 7. HP: 12/61 MP: 7/7
  3417 | D:4      | Reached XP level 8. HP: 57/57 MP: 8/8
  3524 | D:4      | Found a staircase to the Ecumenical Temple.
  3527 | D:4      | Reached skill level 8 in Axes
  3562 | Temple   | Entered the Ecumenical Temple
  3922 | D:4      | Found an opulent altar of Gozag.
  3945 | D:4      | Found a sacrificial altar of Ru.
  4037 | D:4      | Found a glowing golden altar of the Shining One.
  4063 | D:5      | Entered Level 5 of the Dungeon
  4570 | D:5      | You fall into a shaft and drop 2 floors!
  4731 | D:6      | Noticed Eustachio
  4778 | D:6      | Killed Eustachio
  4810 | D:6      | Found Raulloeh's Overcharged Wands.
  4824 | D:6      | Reached skill level 9 in Axes
  5367 | D:6      | Identified the +2 leather armour of Apocu {rN+ Will+}
  5401 | D:6      | Reached XP level 9. HP: 78/78 MP: 9/9
  5656 | D:6      | Reached skill level 10 in Axes
  5816 | D:6      | Slain by a slime creature

Illustrated notes

Levels and vault maps discovered:
D:1:      dpeg_arrival_erosion, layout_loops_ring,
          chequers_serial_rivers_room_b, roderic_serpentine_path,
          minmay_tromino_i2
D:2:      minmay_general_purpose_star, layout_basic, uniq_natasha, uniq_jessica
D:3:      layout_loops_cross, chequers_decorated_corner, minmay_lizard_king,
          uniq_crazy_yiuf_cottage
D:4:      nicolae_cairo_tiling, layout_basic, tso_altar, lemuel_round_altar,
          mainiacjoe_overflow_six_doors_small, minmay_temple_entry_stoned_glass,
          uniq_pikel
D:5:      layout_basic, serial_park_tiny_pond, nrook_mini_vaults
D:6:      cheibrodos_fertilizer, layout_cave_pools,
          nicolae_shop_overcharged_wands, uniq_eustachio
D:7:      layout_loops_ring, nicolae_figureground_pulse
Temple:   hellmonk_temple_beads

Skill      XL: |  1  2  3  4  5  6  7  8  9 |
---------------+----------------------------+-----
Axes           | 3 4 5 7 9 10 | 10.1
Fighting       | 4 5 6 7 |  7.1
Shields        | 4 5 6 |  6.6
Armour         | 4 5 6 |  6.5

Action                     |  1- 3 |  4- 6 |  7- 9 || total
---------------------------+-------+-------+-------++-------
  Melee: War axe           |    36 |   145 |   265 ||   446
    Use: Potion            |       |       |     1 ||     1
 Armour: Scale mail        |    15 |     5 |       ||    20
         Plate armour      |       |    88 |   229 ||   317
  Dodge: Dodged            |    21 |    35 |   100 ||   156
  Block: Buckler           |     4 |    36 |    90 ||   130
